 Dungeon Crawl Stone Soup version 0.22-a0-223-g0f5d773 (webtiles) character file.

221 MatthieuS the Gusty (level 5, -2/30 HPs)
             Began as a Tengu Air Elementalist on Feb 18, 2018.
             Killed from afar by Bunnehwyld's ghost (8 damage)
             ... with a puff of frost
             ... on level 3 of the Dungeon.
             The game lasted 00:06:01 (2407 turns).

MatthieuS the Gusty (Tengu Air Elementalist)        Turns: 2407, Time: 00:06:02

Health: -2/30      AC:  4    Str: 14    XL:     5   Next: 98%
Magic:  5/10       EV: 13    Int: 16    God:
Gold:   113        SH:  0    Dex: 14    Spells: 4/10 levels left

rFire    . . .     SeeInvis .   n - +0 short sword (elec)
rCold    . . .     Gourm    .   (no shield)
rNeg     . . .     Faith    .   p - +1 robe
rPois    .         Spirit   .   (helmet restricted)
rElec    .         Reflect  .   (no cloak)
rCorr    .         Harm     .   m - +0 pair of gloves
MR       .....                  (boots unavailable)
Stlth    ++........             (no amulet)
HPRegen  0.10/turn              (no ring)
MPRegen  0.12/turn              (no ring)

@: mighty, very slightly contaminated, drained
A: beak, talons 3, able to fly 1
a: Fly


You were on level 3 of the Dungeon.
You were hungry.

You visited 1 branch of the dungeon, and saw 3 of its levels.

You collected 113 gold pieces.

Inventory:

Hand Weapons
 n - a +0 short sword of electrocution (weapon)
 o - a +1 dagger of venom
Missiles
 c - 71 stones (quivered)
 f - 27 arrows
 j - 5 curare-tipped needles
 w - 10 poisoned needles
 z - 4 tomahawks
Armour
 a - a +0 robe
 e - a +0 leather armour
 m - a +0 pair of gloves (worn)
 p - a +1 robe (worn)
 y - a +2 shield
Scrolls
 d - a scroll of enchant weapon {unknown}
 g - 3 scrolls of identify {unknown}
 i - 2 scrolls of remove curse
 k - 3 scrolls of fear {unknown}
 l - a scroll of teleportation {unknown}
 q - a scroll of noise {unknown}
 r - a scroll of amnesia {unknown}
 s - 2 scrolls of fog {unknown}
 u - a scroll of enchant armour {unknown}
 A - a scroll of blinking {unknown}
Potions
 v - a potion of heal wounds {unknown}
 x - a potion of haste {unknown}
Comestibles
 b - 5 rations
 B - 3 chunks of flesh


   Skills:
 + Level 1.7(1.5) Fighting
 + Level 1.4(1.1) Short Blades
 + Level 1.7(1.5) Armour
 + Level 3.1(2.9) Dodging
 - Level 2.0(1.7) Stealth
 + Level 3.0(2.8) Spellcasting
 + Level 3.0(2.8) Conjurations
 + Level 5.0(4.7) Air Magic


You had 4 spell levels left.
You knew the following spells:

 Your Spells              Type           Power        Failure   Level  Hunger
a - Shock                 Conj/Air       ##..         4%          1    #......
b - Swiftness             Chrm/Air       #.......     11%         2    ##.....
c - Static Discharge      Conj/Air       ##......     12%         3    ###....


Dungeon Overview and Level Annotations

Branches:
Dungeon (3/15)

Altars:
Fedhas

Annotations:
D:3 Bunnehwyld's ghost, amateur GrIE


Innate Abilities, Weirdness & Mutations

You have a beak for a mouth.
You have claws for feet.
You can fly.


Message History

You kill the quokka!
You hit Bunnehwyld's ghost. Your kick misses Bunnehwyld's ghost.
Your peck misses Bunnehwyld's ghost.
Bunnehwyld's ghost is lightly damaged.
Bunnehwyld's ghost hits you.
You feel drained.
You closely miss Bunnehwyld's ghost. You peck Bunnehwyld's ghost.
Bunnehwyld's ghost is lightly damaged.
Bunnehwyld's ghost lets out a mournful wail.
Bunnehwyld's ghost casts a spell at you.
The puff of frost hits you!
You hit Bunnehwyld's ghost. You claw Bunnehwyld's ghost.
Bunnehwyld's ghost is moderately damaged.
Bunnehwyld's ghost gestures at you while chanting.
The puff of frost hits you!
* * * LOW HITPOINT WARNING * * *
You hit Bunnehwyld's ghost. You claw Bunnehwyld's ghost!
Bunnehwyld's ghost is severely damaged.
Bunnehwyld's ghost casts a spell at you.
The puff of frost hits you!
You die...

##### #..... #......
##############.......
.......<...(@W.......
##############.....$.
......> ....(..
#...... ..)... ..8...
.8_8..


You could see Bunnehwyld's ghost.

Vanquished Creatures
  A jelly (D:2)
  An orc priest (D:3)
  Jessica (D:2)
  Terence (D:2)
  4 adders (D:2)
  3 oozes
  3 worms (D:2)
  A dart slug (D:2)
  A leopard gecko (D:1)
  4 orcs (D:3)
  A giant cockroach (D:1)
  6 goblins
  5 hobgoblins
  5 kobolds
  2 quokkas (D:3)
  7 bats
  6 frilled lizards
  4 rats
56 creatures vanquished.

Notes
Turn   | Place    | Note
-------+----------+-------------------------------------------
     0 | D:1      | MatthieuS the Tengu Air Elementalist began the quest for the Orb.
     0 | D:1      | Reached XP level 1. HP: 10/10 MP: 4/4
   234 | D:1      | Reached XP level 2. HP: 12/15 MP: 1/6
   681 | D:1      | Reached XP level 3. HP: 18/20 MP: 0/7
  1234 | D:2      | Reached skill level 1 in Fighting
  1272 | D:2      | Reached XP level 4. HP: 18/25 MP: 8/8
  1413 | D:2      | Found a blossoming altar of Fedhas.
  1711 | D:2      | Learned a level 2 spell: Swiftness
  1715 | D:2      | Learned a level 3 spell: Static Discharge
  1742 | D:2      | Noticed Jessica
  1747 | D:2      | Killed Jessica
  1747 | D:2      | Reached skill level 1 in Short Blades
  1747 | D:2      | Reached skill level 1 in Armour
  1747 | D:2      | Gained mutation: You can fly. [Tengu growth]
  1747 | D:2      | Reached XP level 5. HP: 29/29 MP: 7/10
  2031 | D:2      | Noticed Terence
  2035 | D:2      | Killed Terence
  2388 | D:3      | Found a faded altar of an unknown god.
  2392 | D:3      | Noticed Bunnehwyld's ghost (amateur GrIE)
  2393 | D:3      | Reached skill level 5 in Air Magic
  2407 | D:3      | Killed from afar by Bunnehwyld's ghost

Vault maps used:
D:1:      roderic_chinese_lattice_arrival
D:2:      fedhas_altar_1, uniq_jessica, uniq_terence
D:3:      chequers_ecumenical_altar_simple, uniq_grinder

Skill      XL: |  1  2  3  4  5 |
---------------+----------------+-----
Conjurations   | 2 3 |  3.0
Fighting       | 1 |  1.7
Short Blades   | 1 |  1.4
Armour         | 1 |  1.7
Dodging        | 3 |  3.1
Spellcasting   | 3 |  3.0
Air Magic      | 5 |  5.0
Stealth        | |  2.0

Action                   |  1- 3 |  4- 6 || total
-------------------------+-------+-------++-------
Melee: Unarmed           |     6 |       ||     6
       Kick              |     7 |    12 ||    19
       Short sword       |    26 |    47 ||    73
       Peck              |     2 |     6 ||     8
Throw: Stone             |     7 |       ||     7
 Cast: Shock             |    44 |    34 ||    78
       Static Discharge  |       |     1 ||     1
  Use: Scroll            |       |     1 ||     1
       Potion            |       |     2 ||     2
 Stab: Sleeping          |       |     3 ||     3
  Eat: Chunk             |     2 |     3 ||     5
Armor: Robe              |     7 |     3 ||    10
       Leather armour    |     2 |     2 ||     4
Dodge: Dodged            |    31 |    23 ||    54

Table legend:
 A = Spawn XP
 B = Non-spawn XP
 C = Spawn XP percentage of total XP
 D = Spawn monster count
 E = Non-spawn monster count
 F = Spawn count percentage of total count
 G = Total turns spent on level
                    A         B        C        D         E        F      G
               +---------+---------+-------+---------+---------+-------+---------
         Total |       0 |     316 |   0.0 |       0 |      56 |   0.0 |  2407
               +---------+---------+-------+---------+---------+-------+---------
           D:1 |       0 |      44 |   0.0 |       0 |      27 |   0.0 |  1219
           D:2 |       0 |     215 |   0.0 |       0 |      22 |   0.0 |  1142
           D:3 |       0 |      57 |   0.0 |       0 |       7 |   0.0 |    46
               +---------+---------+-------+---------+---------+-------+---------
